 Dungeon Crawl Stone Soup version 0.30-a0-121-gb27577e5d9 (webtiles) character file.

Game seed: 10634038030110865588

3 Zonian the Digger (level 1, -3/10 HPs)
             Began as a Gargoyle Earth Elementalist on Sept 15, 2022.
             Slain by a kobold
             ... wielding a +1 dagger of freezing
              (4 damage)
             ... on level 1 of the Dungeon.
             The game lasted 00:00:24 (134 turns).

Zonian the Digger (Gargoyle Earth Elementalist)      Turns: 134, Time: 00:00:25

Health: -3/10      AC:  5    Str: 11    XL:     1   Next: 50%
Magic:  1/3        EV: 12    Int: 15    God:
Gold:   0          SH:  0    Dex: 10    Spells: 3/4 levels left

rFire   . . .      SeeInvis .    (no weapon)
rCold   . . .      Faith    .    (no shield)
rNeg    + . .      Spirit   .    a - +0 robe
rPois   ∞          Reflect  .    (no helmet)
rElec   +          Harm     .    (no cloak)
rCorr   .          Rampage  .    d - +0 pair of gloves
Will    .....                    (no boots)
Stlth   ++........               (no amulet)
HPRegen 0.03/turn                (no ring)
MPRegen 0.08/turn                (no ring)

@: no status effects
A: sickness immunity, AC +2, negative energy resistance 1, electricity
resistance, torment resistance 1, petrification resistance
a: no special abilities


You were on level 1 of the Dungeon.
You visited 1 branch of the dungeon, and saw 1 of its levels.

Inventory:

Armour
 a - a +0 robe (worn)
 d - a +0 pair of gloves (worn)
Scrolls
 c - a scroll of blinking {unknown}
Potions
 b - a potion of magic


   Skills:
 + Level 1.6 Dodging
 + Level 2.2 Stealth
 + Level 2.0 Spellcasting
 - Level 0.8 Transmutations
 + Level 3.7 Earth Magic


You had 3 spell levels left.
You knew the following spells:

 Your Spells              Type           Power      Damage    Failure   Level
a - Sandblast             Erth           24%        2d8       4%          1

Your spell library contained the following spells:

 Spells                   Type           Power      Damage    Failure   Level
 Passwall                 Tmut/Erth      6%         N/A       13%         2
 Stone Arrow              Conj/Erth      14%        3d7       30%         3
 Petrify                  Tmut/Erth      8%         N/A       65%         4


Dungeon Overview and Level Annotations

Branches:
Dungeon (1/15)

Altars:


Innate Abilities, Weirdness & Mutations

You are immune to sickness and miasma.
Your stone body is resilient. (AC +2)
You are immune to poison.
You resist negative energy. (rN+)
You are resistant to electric shocks. (rElec)
You are resistant to unholy torment.
You are immune to petrification.


Message History

You continue putting on your +0 pair of gloves. x4
You finish putting on your +0 pair of gloves.
Unknown command.
A kobold comes into view. It is wielding a +0 short sword.
A kobold is nearby!
Unknown command.
Found a ring mail.
The blast of sand hits the kobold.
You kill the kobold!
You can't see any susceptible monsters within range! (Use Z to cast anyway.) Unknown command.
Things that are here:
a +0 short sword; 3 stones; a kobold corpse An endoplasm and a kobold come into view.
The kobold is wielding a +1 dagger of freezing.
The kobold shouts!
There are monsters nearby!
Unknown command.
Unknown command.
A kobold comes into view. It is wielding a +0 whip.
The endoplasm barely misses you.
The blast of sand hits the endoplasm.
The endoplasm is almost dead.
The kobold shouts!
The endoplasm hits you.
The kobold hits you with a +1 dagger of freezing.
The kobold freezes you.
* * * LOW HITPOINT WARNING * * *
The endoplasm hits you.
* * * LOW HITPOINT WARNING * * *
Casting: Sandblast (safe; 4% risk of failure)
Confirm with . or Enter, or press ? or * to list all spells.
Aiming: Sandblast (safe; 4% risk of failure)
Press: ? - help, Shift-Dir - straight line, f/p - endoplasm
Aim: an endoplasm (almost dead, 98% to hit)
The blast of sand hits the endoplasm!
You kill the endoplasm!
The kobold hits you but does no damage.
The kobold hits you with a +1 dagger of freezing.
You die...

#.....### #.#####.# ##
#.......# .
..#####.####### .# .##
###.......#####.#
..###.#.#####........
........# #.####.### #
#>###.#.# #.####K##...#
#...##### #)...@.......
.......###.##..[K.##...#
###........#.......# #
#####.######..........
9# #)# #...........
#####.# ##.....###.#
.#^##'## ##...## .#
.###...### ##.## #
.....>.#^#


You could see 2 kobolds.

Vanquished Creatures
  An endoplasm (D:1)
  A giant cockroach (D:1)
  2 kobolds (D:1)
4 creatures vanquished.

Notes
Turn   | Place    | Note
-------+----------+-------------------------------------------
     0 | D:1      | Zonian the Gargoyle Earth Elementalist began the quest for
                  | the Orb.
     0 | D:1      | Reached XP level 1. HP: 10/10 MP: 3/3
     1 | D:1      | Noticed a demonspawn
     4 | D:1      | Noticed an elf
     4 | D:1      | Noticed a dwarf
     7 | D:1      | Noticed a troll
     8 | D:1      | Noticed a spriggan
    11 | D:1      | Noticed an elf
    13 | D:1      | Noticed a troll
    15 | D:1      | Noticed a vampire
    15 | D:1      | Noticed a human
    17 | D:1      | Noticed an ogre
    17 | D:1      | Noticed a formicid
    19 | D:1      | Noticed a gargoyle
   134 | D:1      | Slain by a kobold

Illustrated notes

Levels and vault maps discovered:
D:1:      shiori_arrival_whats_in_store_for_you, layout_loops_ring,
          grunt_decor_fettered

Action                   || total
-------------------------++-------
 Cast: Sandblast         ||     5
Armor: Robe              ||     1
Dodge: Dodged            ||     1

Table legend: (Time is in decaauts)
 A = Elapsed time spent in this place.
 B = Non-inter-level travel time spent in this place.
 C = Inter-level travel time spent in this place.
 D = Time resting spent in this place.
 E = Time spent auto-exploring this place.
 F = Levels seen in this place.
 G = Mean time per level.
                   A        B        C        D        E       F      G
               +--------+--------+--------+--------+--------+-----+--------+
         Total |    136 |    136 |      0 |      0 |     91 |   1 |  136.0 |
       Dungeon |    136 |    136 |      0 |      0 |     91 |   1 |  136.0 |
               +--------+--------+--------+--------+--------+-----+--------+

Top non-repeatable levels by time:
     D:1: 136 daAuts
